 Dungeon Crawl Stone Soup version 0.25-a0-591-g2ad0d861f1 (webtiles) character file.

Game seed: 1539190956835583941, levelgen mode: deterministic

10175 mopl the Slicer (level 11, -10/58 HPs)
             Began as a Gargoyle Assassin on Mar 4, 2020.
             Was a Follower of Nemelex Xobeh.
             Mangled by a white ugly thing (13 damage)
             ... on level 10 of the Dungeon on Mar 13, 2020.
             The game lasted 00:25:58 (8580 turns).

mopl the Slicer (Gargoyle Assassin)                 Turns: 8580, Time: 00:25:59

Health: -10/58     AC: 15    Str: 16    XL:     11   Next: 58%
Magic:  13/13      EV: 12    Int: 12    God:    Nemelex Xobeh [*.....]
Gold:   384        SH:  0    Dex: 17    Spells: 10/10 levels left

rFire    + . .     SeeInvis .   b - +4 rapier (venom)
rCold    + . .     Gourm    .   (no shield)
rNeg     + . .     Faith    .   u - +2 robe {rC+ rF+}
rPois    ∞         Spirit   .   n - +0 helmet
rElec    +         Reflect  .   c - +0 cloak
rCorr    .         Harm     .   O - +0 pair of gloves
MR       .....                  (no boots)
Stlth    ++++++....             x - amulet of regeneration
HPRegen  0.59/turn              K - +4 ring of dexterity
MPRegen  0.13/turn              W - ring of stealth

@: about to teleport
A: negative energy resistance 1, electricity resistance, unbreathing,
petrification resistance, rot immunity, AC +8
a: Draw Escape, Draw Destruction, Draw Summoning, Renounce Religion


You were on level 10 of the Dungeon.
You worshipped Nemelex Xobeh.
Nemelex Xobeh was aware of your devotion.
You were not hungry.

You visited 3 branches of the dungeon, and saw 12 of its levels.
You also visited: Sewer.

You collected 554 gold pieces.
You spent 170 gold pieces at shops.

Inventory:

Hand Weapons
 a - a +2 rapier of speed
 b - a +4 rapier of venom (weapon)
 C - a +3 short sword of electrocution
 T - a +0 dagger of draining
 Z - a +0 hunting sling
Missiles
 d - 40 poisoned darts (quivered)
 r - 3 javelins
 w - 21 boomerangs
 y - 224 stones
 B - 85 sling bullets
Armour
 c - a +0 cloak (worn)
 n - a +0 helmet (worn)
 u - a +2 robe of resistance (worn)
 J - a +2 robe of magic resistance
 O - a +0 pair of gloves (worn)
Jewellery
 t - an uncursed ring of protection from fire
 x - an amulet of regeneration (around neck)
 K - a +4 ring of dexterity (left hand)
 W - a ring of stealth (right hand)
Wands
 v - a wand of clouds (8)
 G - a wand of flame (62)
 I - a wand of scattershot (3)
 L - a wand of polymorph (9)
 M - a wand of paralysis (1)
 S - a wand of enslavement (21)
 V - a wand of iceblast (10)
Scrolls
 e - 2 scrolls of enchant weapon {unknown}
 i - 7 scrolls of teleportation
 j - a scroll of immolation {unknown}
 l - 4 scrolls of magic mapping {unknown}
 p - 3 scrolls of amnesia {unknown}
 s - 3 scrolls of enchant armour {unknown}
 D - 4 scrolls of blinking {unknown}
 E - 5 scrolls of remove curse
 F - 4 scrolls of fear {unknown}
 U - a scroll of fog {unknown}
 X - a scroll of acquirement {unknown}
Potions
 g - 5 potions of curing
 h - 3 potions of lignification {!q}
 k - 7 potions of flight {unknown}
 m - 2 potions of stabbing
 o - a potion of ambrosia
 z - 4 potions of mutation {unknown}
 A - 3 potions of invisibility
 H - a potion of resistance {unknown}
 N - a potion of cancellation {unknown}
 P - a potion of magic {unknown}
 R - 2 potions of berserk rage {unknown}
Comestibles
 f - 15 rations


   Skills:
 + Level 2.4 Fighting
 * Level 11.2 Short Blades
 + Level 8.1 Throwing
 + Level 1.0 Dodging
 + Level 11.1 Stealth
 + Level 3.8 Invocations
 + Level 2.6 Evocations


You had 10 spell levels left.
You didn't know any spells.
Your spell library contained the following spells:

 Spells                   Type           Power        Failure   Level  Hunger
 Summon Small Mammal      Summ           #...         32%         1    ##.....
 Call Imp                 Summ           #.......     45%         2    ###....
 Call Canine Familiar     Summ           #.......     69%         3    ####...
 Summon Guardian Golem    Hex/Summ       #.......     69%         3    ####...
 Summon Ice Beast         Ice/Summ       #.......     97%         4    #####..
 Summon Lightning Spire   Summ/Air       #.......     97%         4    #####..


Dungeon Overview and Level Annotations

Branches:
Dungeon (10/15)            Temple (1/1) D:6            Lair (1/6) D:8
  Sewer (visited)
    Orc: D:9-12

Altars:
Ashenzari
Cheibriados
Dithmenos
Elyvilon
Gozag
Hepliaklqana
Kikubaaqudgha
Makhleb
Nemelex Xobeh
Okawaru
Qazlal
Ru
Sif Muna
Trog
Uskayaw
Vehumet
Wu Jian
Xom
Yredelemnul
Zin
The Shining One

Shops:
D:4 *

Annotations:
D:7 2 transporters, Flugslaktarn's ghost, weakling DDFi


Innate Abilities, Weirdness & Mutations

You are resistant to torment.
Your stone body is resilient. (AC +8)
You are immune to poison.
You resist negative energy. (rN+)
You are resistant to electric shocks. (rElec)
You can survive without breathing.
You are immune to petrification.
You are immune to rotting.


Message History

Aiming: Paralyse
Press: ? - help, Shift-Dir - straight line, f/p - white ugly thing
Aim: a white ugly thing (chance to defeat MR: 36%)
The white ugly thing easily resists.
The white ugly thing headbutts you! The white ugly thing freezes you!
You resist.
* * * LOW HITPOINT WARNING * * *
Evoke which item? (* to show all) (? for menu, Esc to quit)
Aiming: Paralyse
Press: ? - help, Shift-Dir - straight line, f/p - white ugly thing
Aim: a white ugly thing (chance to defeat MR: 36%)
The white ugly thing easily resists.
The white ugly thing headbutts you but does no damage.
The orc warrior hits you from afar with a +0 halberd.
* * * LOW HITPOINT WARNING * * *
As you read the scroll of teleportation, it crumbles to dust.
You feel strangely unstable. The white ugly thing headbutts you!
* * * LOW HITPOINT WARNING * * *
The white ugly thing freezes you! You resist.
You die...
Your body glows slightly and disappears.

#..##.#####.....#
...##...........#
############.#### #
#.##
############..#########
.....)................#
#...##.....######'#####
#.#.....##.#..o#...#(.#
..#..##....+...u@...()#
...........#...#...#..#
############## ########


You could see a white ugly thing and an orc warrior.

Vanquished Creatures
  4 two-headed ogres
  Pikel (D:6)
  An ugly thing (D:9)
  Joseph (D:7)
  A gargoyle (D:8)
  Maurice (D:9)
  Maggie (D:7)
  A queen bee (D:9)
  Prince Ribbit (D:7)
  A yak (D:10)
  Eustachio (D:4)
  A hungry ghost (D:10)
  Edmund (D:5)
  Duvessa (D:6)
  2 black bears
  A sky beast (D:5)
  4 orc warriors
  3 slaves (D:6)
  An ice beast (D:5)
  5 centaurs
  A necrophage (D:10)
  3 ogres
  3 big kobolds
  Blork the orc (D:5)
  A gnoll sergeant (D:9)
  5 bullfrogs
  Dowan (D:6)
  4 scorpions
  18 killer bees
  5 wights
  A crimson imp (D:7)
  A bullfrog zombie (D:9)
  Crazy Yiuf (D:5)
  4 hounds
  4 orc priests
  A centaur skeleton (D:6)
  4 iguanas
  2 jellies
  8 orc wizards
  7 worker ants
  8 gnolls
  A howler monkey skeleton (D:8)
  14 adders
  A shadow imp (D:10)
  4 oozes
  3 adder skeletons
  2 dart slugs (D:1)
  9 leopard geckos
  17 orcs
  8 giant cockroaches
  5 goblins
  5 hobgoblins
  18 jackals
  19 kobolds
  3 quokkas
  6 ball pythons
  5 bats
  9 frilled lizards
  A jackal skeleton (D:5)
  A jackal zombie (D:7)
  A leopard gecko skeleton (D:8)
  A leopard gecko zombie (D:7)
  4 rats
253 creatures vanquished.

Vanquished Creatures (others)
  A slave (D:6)
1 creature vanquished.

Grand Total: 254 creatures vanquished

Notes
Turn   | Place    | Note
-------+----------+-------------------------------------------
     0 | D:1      | mopl the Gargoyle Assassin began the quest for the Orb.
     0 | D:1      | Reached XP level 1. HP: 12/12 MP: 1/1
    53 | D:1      | Reached skill level 2 in Short Blades
   334 | D:1      | Reached skill level 2 in Throwing
   334 | D:1      | Reached XP level 2. HP: 11/17 MP: 2/2
   441 | D:1      | Reached XP level 3. HP: 3/21 MP: 3/3
   450 | D:1      | HP: 1/21 [hobgoblin (1)]
  1343 | D:2      | Reached XP level 4. HP: 26/26 MP: 4/4
  1364 | D:2      | Reached skill level 3 in Short Blades
  1436 | D:2      | Reached skill level 5 in Stealth
  1461 | D:2      | Found a glowing golden altar of the Shining One.
  1775 | D:2      | Found a faded altar of an unknown god.
  2006 | D:3      | Reached XP level 5. HP: 20/30 MP: 5/5
  2489 | D:3      | Reached skill level 3 in Throwing
  2768 | D:4      | Noticed an ogre
  2783 | D:4      | Killed an ogre
  2783 | D:4      | Reached skill level 4 in Short Blades
  2783 | D:4      | Reached XP level 6. HP: 35/35 MP: 6/6
  2809 | D:4      | Noticed Eustachio
  2862 | D:4      | Killed Eustachio
  2862 | D:4      | Reached skill level 6 in Stealth
  2885 | D:4      | Reached XP level 7. HP: 28/40 MP: 7/7
  3194 | D:4      | Found Oskeydui's Assorted Antiques.
  3274 | D:4      | Reached skill level 5 in Short Blades
  3287 | D:4      | Found a hide-covered altar of Uskayaw.
  3296 | D:4      | Bought a fuming emerald potion for 19 gold pieces
  3296 | D:4      | Bought a scroll labeled OMEAMA XEUWA for 22 gold pieces
  3296 | D:4      | Bought a smoky puce potion for 19 gold pieces
  3296 | D:4      | Bought a scroll labeled TEHAORE FYSO for 22 gold pieces
  3296 | D:4      | Bought an ivory wand for 88 gold pieces
  3300 | D:4      | Noticed a +0 dagger
  3301 | D:4      | Noticed a +0 hand axe
  3520 | D:4      | Found a shimmering altar of Xom.
  3723 | D:5      | Entered Level 5 of the Dungeon
  3760 | D:5      | Reached skill level 4 in Throwing
  3773 | D:5      | Reached XP level 8. HP: 20/44 MP: 8/8
  3781 | D:5      | Reached skill level 6 in Short Blades
  3826 | D:5      | Noticed Edmund
  3837 | D:5      | Noticed Blork the orc
  3862 | D:5      | Reached skill level 7 in Stealth
  3896 | D:5      | Found a glowing drain.
  3930 | Sewer    | Entered a sewer
  4387 | D:5      | Killed Edmund
  4442 | D:5      | Found a runed translucent door.
  4445 | D:5      | Got a smoking mace
  4453 | D:5      | Noticed Crazy Yiuf
  4466 | D:5      | Killed Crazy Yiuf
  4466 | D:5      | Reached skill level 5 in Throwing
  4489 | D:5      | Got a warped mace
  4551 | D:5      | Killed Blork the orc
  4551 | D:5      | Reached skill level 7 in Short Blades
  4637 | D:6      | Found an ancient bone altar of Kikubaaqudgha.
  4795 | D:6      | Noticed Pikel
  4836 | D:6      | Killed Pikel
  4836 | D:6      | Reached skill level 8 in Stealth
  4836 | D:6      | Reached XP level 9. HP: 48/48 MP: 9/9
  4862 | D:6      | Found a white marble altar of Elyvilon.
  5071 | D:6      | Reached skill level 8 in Short Blades
  5198 | D:6      | Noticed Duvessa
  5198 | D:6      | Noticed Dowan
  5200 | D:6      | Killed Duvessa
  5210 | D:6      | Killed Dowan
  5224 | D:6      | Found a staircase to the Ecumenical Temple.
  5500 | D:7      | Noticed Maggie
  5503 | D:7      | Noticed Prince Ribbit
  5523 | D:7      | Killed Maggie
  5523 | D:7      | Reached skill level 6 in Throwing
  5523 | D:7      | Reached skill level 9 in Stealth
  5536 | D:7      | Killed Prince Ribbit
  5570 | D:7      | Identified the +1 mace "Wure" {chaos, Int+5} (You found it
                  | on level 5 of the Dungeon)
  5571 | D:7      | Identified the cursed +1 mace of Zin's Hope {vorpal, rN+
                  | Int+4} (You found it on level 5 of the Dungeon)
  5588 | D:7      | Noticed Joseph
  5618 | D:7      | Killed Joseph
  5618 | D:7      | Reached skill level 9 in Short Blades
  5679 | D:7      | Reached XP level 10. HP: 53/53 MP: 10/10
  5701 | D:7      | Found a transporter.
  5701 | D:7      | Identified the cursed +1 dire flail of Impeachment {vorpal,
                  | +Blink rF- Int+8 Dex+2}
  5701 | D:7      | Noticed a two-headed ogre
  5702 | D:7      | Noticed Flugslaktarn's ghost (weakling DDFi)
  5949 | D:7      | Found a transporter.
  6048 | D:8      | Noticed a two-headed ogre
  6085 | D:8      | Found a staircase to the Lair.
  6087 | D:8      | Killed a two-headed ogre
  6087 | D:8      | Reached skill level 7 in Throwing
  6163 | D:8      | Noticed a gargoyle
  6170 | D:8      | Reached skill level 10 in Stealth
  6235 | D:8      | Killed a gargoyle
  6235 | D:8      | Reached skill level 10 in Short Blades
  6306 | Lair:1   | Entered Level 1 of the Lair of Beasts
  6502 | Temple   | Entered the Ecumenical Temple
  6553 | Temple   | Became a worshipper of Nemelex Xobeh the Trickster
  6710 | D:8      | Received a gift from Nemelex Xobeh
  6774 | D:8      | Noticed a two-headed ogre
  6819 | D:8      | Killed a two-headed ogre
  6819 | D:8      | Reached skill level 1 in Invocations
  7078 | D:8      | Found an opulent altar of Gozag.
  7079 | D:8      | Found an ornate altar of the Wu Jian Council.
  7245 | D:9      | Noticed a red ugly thing
  7280 | D:9      | Reached skill level 2 in Invocations
  7285 | D:9      | Killed a red ugly thing
  7285 | D:9      | Reached XP level 11. HP: 28/57 MP: 12/12
  7297 | D:9      | Reached skill level 1 in Evocations
  7373 | D:9      | Upgraded the game from 0.25-a0-578-gc91f01c39c to
                  | 0.25-a0-591-g2ad0d861f1
  7400 | D:9      | Noticed Maurice
  7408 | D:9      | Killed Maurice
  7612 | D:9      | Reached skill level 3 in Invocations
  7753 | D:9      | Found a hazy altar of Hepliaklqana.
  7805 | D:9      | Found a radiant altar of Vehumet.
  7810 | D:9      | Reached * piety under Nemelex Xobeh
  7902 | D:9      | Found a snail-covered altar of Cheibriados.
  8063 | D:10     | Entered Level 10 of the Dungeon
  8102 | D:10     | Noticed a two-headed ogre
  8116 | D:10     | Killed a two-headed ogre
  8116 | D:10     | Reached skill level 11 in Short Blades
  8116 | D:10     | Reached skill level 2 in Evocations
  8292 | D:10     | Noticed a two-headed ogre
  8318 | D:10     | Killed a two-headed ogre
  8318 | D:10     | Reached skill level 8 in Throwing
  8318 | D:10     | Reached skill level 11 in Stealth
  8432 | D:10     | Reached skill level 1 in Dodging
  8576 | D:10     | Noticed a white ugly thing
  8580 | D:10     | Mangled by a white ugly thing

Levels and vault maps discovered:
D:1:      nzn_arrival_depleted_hourglass, layout_basic
D:2:      layout_rooms, nicolae_overflow_crystal_walls,
          chequers_ecumenical_altar_grove
D:3:      layout_basic
D:4:      layout_basic, dancing_weapons_uskayaw, marbit_many_paths,
          first_ration, serial_shops, shop, minmay_goblin_kobold_house,
          uniq_eustachio
D:5:      layout_gridville, portal_sewer_entry_f, hangedman_decor_opposing,
          uniq_blork_the_orc, uniq_crazy_yiuf_cottage, uniq_edmund
D:6:      layout_cave_pools, old_standard_altar, overflow_temple_1_default,
          minmay_temple_entry_from_below_b, serial_column_ruins,
          column_ruins_open_tiny, column_ruins_grid_4, column_ruins_grid_3,
          column_ruins_open_tiny, column_ruins_open_small_water, uniq_duvessa,
          uniq_pikel
D:7:      layout_rooms, gammafunk_ghost_smash, uniq_maggie, uniq_prince_ribbit1,
          uniq_joseph
D:8:      layout_loops_cross, minitemple, dpeg_oklobed_lair,
          minmay_misc_feat_nine_boxes
D:9:      layout_basic, lemuel_doored_altar, kennysheep_little_box,
          vehumet_crystals, david_nohive_1, uniq_maurice
D:10:     minmay_thinvault, layout_long_grid
Temple:   nicolae_temple_hex_pool
Lair:1:   layout_gridlike, infiniplex_staircase_pool

Skill      XL: |  1  2  3  4  5  6  7  8  9 10 11 |
---------------+----------------------------------+-----
Short Blades   | 2 3 4 5 7 9 10 11 | 11.2
Throwing       | 2 3 4 5 6 7 8 |  8.1
Stealth        | 5 6 8 9 10 11 | 11.1
Invocations    | 2 3 |  3.8
Evocations     | 2 |  2.6
Dodging        | 1 |  1.0
Fighting       | |  2.4

Action                   |  1- 3 |  4- 6 |  7- 9 | 10-12 || total
-------------------------+-------+-------+-------+-------++-------
Melee: Dagger            |   107 |   172 |    73 |       ||   352
       Rapier            |       |       |   245 |   358 ||   603
Throw: Dart              |     5 |    17 |    71 |    21 ||   114
       Stone             |       |       |     1 |       ||     1
Invok: Draw Destruction  |       |       |       |     2 ||     2
       Draw Escape       |       |       |       |     1 ||     1
Evoke: Wand              |       |       |       |     8 ||     8
  Use: Scroll            |       |     5 |     5 |     1 ||    11
       Potion            |       |       |     1 |     1 ||     2
 Stab: Sleeping          |     3 |     8 |     6 |    24 ||    41
       Distracted        |       |       |     1 |     2 ||     3
  Eat: Chunk             |     1 |     5 |    10 |    10 ||    26
Armor: Robe              |    44 |    64 |   105 |   108 ||   321
Dodge: Dodged            |    85 |    92 |   158 |   137 ||   472
Block: Other             |       |     3 |       |       ||     3
       Reflection        |       |     1 |       |       ||     1

Table legend:
 A = Non-vault XP
 B = Vault XP
 C = Vault XP percentage of total XP
 D = Non-vault monster count
 E = Vault monster count
 F = Vault count percentage of total count
                 A         B        C        D         E       F
            +---------+---------+-------+---------+---------+-------
      Total |    8700 |    5836 |  40.1 |     191 |      58 |  23.3
            +---------+---------+-------+---------+---------+-------
        D:1 |      43 |       0 |   0.0 |      20 |       0 |   0.0
        D:2 |      84 |       0 |   0.0 |      19 |       0 |   0.0
        D:3 |     200 |       0 |   0.0 |      31 |       0 |   0.0
        D:4 |     276 |     205 |  42.6 |       6 |       6 |  50.0
        D:5 |     932 |     315 |  25.3 |      16 |       7 |  30.4
        D:6 |     452 |     845 |  65.2 |      10 |       3 |  23.1
        D:7 |     974 |    1116 |  53.4 |      24 |       3 |  11.1
        D:8 |    2945 |       0 |   0.0 |      28 |       0 |   0.0
        D:9 |    1289 |    1464 |  53.2 |      23 |      14 |  37.8
       D:10 |    1505 |    1854 |  55.2 |      14 |      13 |  48.1
      Sewer |       0 |      37 | 100.0 |       0 |      12 | 100.0
            +---------+---------+-------+---------+---------+-------
